 Dungeon Sprint DCSS version 0.21-a0-71-g5e5ddd2 (webtiles) character file.

4517 Kidiri the Martial Artist (level 10, -7/88 HPs)
             Began as a Yellow Draconian Transmuter on June 19, 2017.
             Was a High Priest of Wu Jian.
             Killed from afar by an ice dragon (47 damage)
             ... with a blast of cold
             ... in the Dungeon (Sprint VII: "The Pits").
             The game lasted 00:10:32 (1423 turns).

Kidiri the Martial Artist (DrTm)                    Turns: 1423, Time: 00:10:33

Health: -7/88      AC:  9    Str: 16    XL:     10   Next: 16%
Magic:  13/21      EV: 19    Int: 14    God:    Wu Jian [*****.]
Gold:   0          SH:  0    Dex: 17    Spells: 15/28 levels left

rFire    . . .     SeeInvis .     - Unarmed
rCold    . . .     Gourm    .   (no shield)
rNeg     . . .     Faith    .   (armour unavailable)
rPois    .         Spirit   .   (helmet restricted)
rElec    .         Reflect  .   u - +0 cloak
rCorr    +         Harm     .   (no gloves)
MR       .....     NoTele   +   v - +0 pair of boots
Stlth    ++........             (no amulet)
HPRegen  0.24/turn              j - +3 ring of dexterity
MPRegen  0.17/turn              q - +3 ring of strength

@: exhausted, short of breath, very slightly contaminated, glowing, heavenly
storm
A: spit acid, acid resistance, unfitting armour, hooves 1, low mp 1, screaming
1, evolution 1, cold-blooded, AC +7
a: Breathe Acid, Serpent's Lash, Heavenly Storm, Renounce Religion


You were in the Dungeon.
You worshipped Wu Jian.
Wu Jian was extremely pleased with you.
You were near starving.

You visited 1 branch

Inventory:

Armour
 u - a +0 cloak (worn)
 v - a +0 pair of boots (worn)
Jewellery
 j - a +3 ring of dexterity (left hand)
 q - a +3 ring of strength (right hand)
Scrolls
 i - a scroll of blinking
 l - 3 scrolls of remove curse
 m - 5 scrolls of amnesia
 n - a scroll of summoning
Potions
 d - 5 potions of heal wounds
 e - 5 potions of curing
 f - 2 potions of haste
 g - 3 potions of magic
 h - 2 potions of berserk rage
 k - 2 potions of invisibility
 r - 2 potions of agility
 s - a potion of resistance
 t - 3 potions of brilliance
Books
 b - a book of Changes

   Spells                             Type                      Level
   a - Beastly Appendage              Transmutation                1
   b - Sticks to Snakes               Transmutation                2
   c - Spider Form                    Transmutation/Poison         3
   d - Ice Form                       Ice/Transmutation            4
   e - Blade Hands                    Transmutation                5
Comestibles
 a - 29 chunks of flesh
 c - 8 bread rations
 o - 40 fruits
 p - 7 meat rations


   Skills:
 + Level 7.9 Fighting
 * Level 9.6 Dodging
 + Level 7.3 Stealth
 * Level 10.7 Unarmed Combat
 * Level 9.5 Spellcasting
 * Level 10.3 Transmutations
 + Level 6.1 Ice Magic
 + Level 6.1 Poison Magic


You had 15 spell levels left.
You knew the following spells:

 Your Spells              Type           Power        Failure   Level  Hunger
a - Beastly Appendage     Tmut           #####.       1%          1    None
b - Spider Form           Tmut/Pois      ####......   1%          3    #......
c - Ice Form              Ice/Tmut       ####....     3%          4    ###....
d - Blade Hands           Tmut           #####.....   4%          5    #####..


Dungeon Overview and Level Annotations

Branches:
Dungeon (1/1)

Altars:
Ashenzari
Cheibriados
Dithmenos
Elyvilon
Fedhas
Gozag
Hepliaklqana
Kikubaaqudgha
Makhleb
Nemelex Xobeh
Okawaru
Qazlal
Ru
Sif Muna
Trog
Uskayaw
Vehumet
Wu Jian
Xom
Yredelemnul
Zin
The Shining One
Beogh
Jiyva
Lugonu


Innate Abilities, Weirdness & Mutations

You can spit globs of acid.
You are resistant to acid.
Your golden yellow scales are hard. (AC +7)
You cannot fit into any form of body armour.
You are cold-blooded and may be slowed by cold attacks.
You have large cloven feet.
Your magical capacity is low. (-10% MP)
You occasionally shout uncontrollably at your foes.
You evolve.


Message History

Aim: an ice dragon (golden dust, heavily wounded, haloed)
You spit a glob of acid.
The glob of acid misses the ice dragon.
The glob of acid hits the ooze.
The ooze completely resists.
The ooze is splashed with acid.
The acid corrodes the ooze!
You are near starving!
The ice dragon bites you but does no damage.
The ice dragon claws you. The ice dragon tramples you!
You hold your ground!
Unknown command.
Unknown command.
You repeatedly attack the ooze from above.
You punch the ooze!
You kill the ooze!
The Council accepts your kill.
You attack the ice dragon from above.
You punch the ice dragon!
The ice dragon is heavily wounded.
The soldier ant is distracted by your jump.
The ice dragon breathes frost at you. The blast of cold hits you!
Ouch! That really hurt!
You die...

#####''###### ...##''#
...##..# ...##..#
...##..#### #+# ##
...##..#..#####§## ..#
...##..#...§##§§§#...# ..
...##..'.).§§#§§§#§..#...#.
#####..')).§§§§§@§§.aJ...'
#####..'...§§#§§D#a..#...#
..[##..#...§##§§§# ..# .h#
.[.##..#..#####§## .##'##
.))##..####..÷#§######...#
.))##..##..)%%)........#
.))##..#....÷.........##
#######################


You could see an ice dragon and a soldier ant.

Vanquished Creatures
  A fire crab (D)
  2 black mambas (D)
  A rime drake (D)
  An ice devil (D)
  A tyrant leech (D)
  Sigmund (D)
  A vampire (D)
  A ynoxinul (D)
  6 yaks (D)
  A steam dragon (D)
  Grum (D)
  An acid dragon (D)
  Duvessa (D)
  A floating eye (D)
  3 wolves (D)
  2 bullfrogs (D)
  An earth elemental (D)
  2 orc priests (D)
  2 hounds (D)
  An orc wizard (D)
  A worker ant (D)
  2 mummies (D)
  2 adders (D)
  A gnoll (D)
  A river rat (D)
  2 oozes (D)
  An adder zombie (D)
  A worm (D)
  A leopard gecko (D)
  2 orcs (D)
  A goblin (D)
  2 hobgoblins (D)
  A frilled lizard (D)
  A kobold (D)
  A leopard gecko zombie (D)
  A rat (D)
52 creatures vanquished.

Notes
Turn   | Place    | Note
-------+----------+-------------------------------------------
     0 | D        | Kidiri the Draconian Transmuter began the quest for the Orb.
     0 | D        | Reached XP level 1. HP: 16/16 MP: 3/3
    50 | D        | Found a bloodstained altar of Trog.
    50 | D        | Found a deep blue altar of Sif Muna.
    50 | D        | Found a viscous altar of Jiyva.
    50 | D        | Found a hazy altar of Hepliaklqana.
    50 | D        | Found an opulent altar of Gozag.
    51 | D        | Found a glowing golden altar of the Shining One.
    51 | D        | Found a glowing silver altar of Zin.
    51 | D        | Found a basalt altar of Yredelemnul.
    51 | D        | Found a shimmering altar of Xom.
    51 | D        | Found an ornate altar of the Wu Jian Council.
    51 | D        | Found a sacrificial altar of Ru.
    51 | D        | Found a stormy altar of Qazlal.
    51 | D        | Found an iron altar of Okawaru.
    51 | D        | Found a sparkling altar of Nemelex Xobeh.
    51 | D        | Found a burning altar of Makhleb.
    51 | D        | Found a blossoming altar of Fedhas.
    51 | D        | Found a white marble altar of Elyvilon.
    51 | D        | Found a shadowy altar of Dithmenos.
    51 | D        | Found a snail-covered altar of Cheibriados.
    53 | D        | Found a radiant altar of Vehumet.
    53 | D        | Found a corrupted altar of Lugonu.
    53 | D        | Found a roughly hewn altar of Beogh.
    54 | D        | Found a hide-covered altar of Uskayaw.
    54 | D        | Found an ancient bone altar of Kikubaaqudgha.
    54 | D        | Found a shattered altar of Ashenzari.
    60 | D        | Became a worshipper of the Wu Jian Council
    79 | D        | Noticed a worker ant
   100 | D        | Killed a worker ant
   100 | D        | Reached skill level 1 in Stealth
   100 | D        | Reached XP level 2. HP: 16/24 MP: 2/5
   205 | D        | Reached * piety under Wu Jian
   205 | D        | Reached XP level 3. HP: 26/29 MP: 4/7
   213 | D        | Learned a level 3 spell: Spider Form
   508 | D        | Reached ** piety under Wu Jian
   564 | D        | Noticed a bullfrog
   566 | D        | Noticed Sigmund
   566 | D        | Noticed a bullfrog
   578 | D        | Killed a bullfrog
   578 | D        | Reached *** piety under Wu Jian
   578 | D        | Reached skill level 5 in Unarmed Combat
   578 | D        | Reached XP level 4. HP: 23/38 MP: 2/10
   587 | D        | Killed a bullfrog
   587 | D        | Reached skill level 5 in Transmutations
   587 | D        | Reached XP level 5. HP: 28/45 MP: 0/12
   604 | D        | Learned a level 4 spell: Ice Form
   656 | D        | Reached skill level 5 in Dodging
   656 | D        | Reached skill level 5 in Spellcasting
   658 | D        | Reached **** piety under Wu Jian
   690 | D        | Learned a level 5 spell: Blade Hands
   782 | D        | Killed Sigmund
   782 | D        | Reached skill level 1 in Ice Magic
   782 | D        | Reached XP level 6. HP: 46/53 MP: 5/14
   974 | D        | Noticed Duvessa
   975 | D        | Killed Duvessa
   978 | D        | Noticed a black mamba
   979 | D        | Killed a black mamba
   979 | D        | Reached skill level 5 in Fighting
   979 | D        | Reached skill level 5 in Stealth
   979 | D        | Your scales start taking on a golden yellow colour.
   979 | D        | Reached XP level 7. HP: 61/61 MP: 10/17
   983 | D        | Reached ***** piety under Wu Jian
  1023 | D        | Noticed an ice devil
  1031 | D        | Killed an ice devil
  1031 | D        | Reached XP level 8. HP: 34/70 MP: 13/18
  1075 | D        | Gained mutation: You are clumsy. (Dex -2) [potion of mutation]
  1075 | D        | Gained mutation: You are robust. (+10% HP) [potion of mutation]
  1076 | D        | Lost mutation: You are robust. (+10% HP) [potion of mutation]
  1076 | D        | Lost mutation: You are clumsy. (Dex -2) [potion of mutation]
  1076 | D        | Gained mutation: You occasionally shout uncontrollably at your foes. [potion of mutation]
  1076 | D        | Gained mutation: Your magical capacity is low. (-10% MP) [potion of mutation]
  1076 | D        | Gained mutation: You have large cloven feet. [potion of mutation]
  1076 | D        | Gained mutation: You evolve. [potion of mutation]
  1326 | D        | Noticed a rime drake
  1330 | D        | Reached XP level 9. HP: 58/78 MP: 13/19
  1330 | D        | Reached skill level 5 in Poison Magic
  1330 | D        | Reached skill level 5 in Ice Magic
  1330 | D        | Killed a rime drake
  1337 | D        | Noticed a black mamba
  1339 | D        | Killed a black mamba
  1339 | D        | Reached skill level 10 in Unarmed Combat
  1345 | D        | Reached ****** piety under Wu Jian
  1360 | D        | Noticed Grum
  1364 | D        | Killed Grum
  1405 | D        | Noticed a fire crab
  1409 | D        | Noticed a tyrant leech
  1410 | D        | Reached skill level 10 in Transmutations
  1412 | D        | Noticed an ice dragon
  1415 | D        | Killed a fire crab
  1415 | D        | Reached XP level 10. HP: 72/88 MP: 12/21
  1423 | D        | Killed from afar by an ice dragon

Vault maps used:
D:        pitsprint

Skill      XL: |  1  2  3  4  5  6  7  8  9 |
---------------+----------------------------+-----
Dodging        | 2 4 5 6 7 8 9 |  9.6
Fighting       | 2 3 4 5 6 7 |  7.9
Stealth        | 1 2 3 4 5 6 7 |  7.3
Transmutations | 3 4 5 6 7 8 10 | 10.3
Spellcasting   | 3 4 5 6 7 8 9 |  9.5
Unarmed Combat | 5 6 7 8 9 10 | 10.7
Ice Magic      | 1 3 4 6 |  6.1
Poison Magic   | 2 3 4 6 |  6.1

Action                   |  1- 3 |  4- 6 |  7- 9 | 10-12 || total
-------------------------+-------+-------+-------+-------++-------
Melee: Unarmed           |    51 |    19 |    60 |     9 ||   139
       Kick              |     6 |       |       |       ||     6
       Tailslap          |     4 |       |     2 |     1 ||     7
       Punch             |     1 |       |       |     1 ||     2
 Cast: Beastly Appendage |     4 |       |       |       ||     4
       Spider Form       |     3 |     1 |       |       ||     4
       Ice Form          |       |     2 |       |       ||     2
       Blade Hands       |       |     1 |     6 |       ||     7
Invok: Heavenly Storm    |       |       |     4 |       ||     4
       Serpent's Lash    |       |       |     1 |     1 ||     2
 Abil: Breathe Acid      |       |       |       |     1 ||     1
  Use: Potion            |     2 |     2 |     5 |       ||     9
 Stab: Sleeping          |     2 |     2 |     1 |       ||     5
  Eat: Chunk             |       |     2 |     3 |       ||     5
Armor: Skin              |     7 |     2 |     5 |     1 ||    15
Dodge: Dodged            |    32 |    10 |    41 |     3 ||    86
